 Dungeon Crawl Stone Soup version 0.24-a0-417-g1cce26a4d2 (webtiles) character file.

Game seed: 8639732174732846489

1293 Sage1700 the Skirmisher (level 8, -3/65 HPs)
             Began as a Human Fighter on June 10, 2019.
             Was a Believer of Nemelex Xobeh.
             Slain by an iguana (4 damage)
             ... on level 7 of the Dungeon.
             The game lasted 00:57:47 (7002 turns).

Sage1700 the Skirmisher (Human Fighter)             Turns: 7002, Time: 00:57:49

Health: -3/65      AC: 14    Str: 18    XL:     8   Next: 86%
Magic:  9/9        EV:  9    Int: 13    God:    Nemelex Xobeh [**....]
Gold:   214        SH:  9    Dex: 12    Spells: 7/7 levels left

rFire    . . .     SeeInvis +   a - +0 long sword
rCold    . . .     Gourm    .   c - +0 shield
rNeg     . . .     Faith    .   p - +4 ring mail of the Alphagorgon {Int+3 SInv}
rPois    .         Spirit   .   v - +0 helmet
rElec    .         Reflect  .   w - +0 cloak
rCorr    .         Harm     .   (no gloves)
MR       .....                  E - +0 pair of boots
Stlth    +.........             (no amulet)
HPRegen  0.00/turn              (no ring)
MPRegen  0.11/turn              (no ring)

@: non-regenerating, mildly diseased
A: no striking features
a: Draw Escape, Draw Destruction, Draw Summoning, Renounce Religion


You were on level 7 of the Dungeon.
You worshipped Nemelex Xobeh.
Nemelex Xobeh was pleased with you.
You were not hungry.

You visited 2 branches of the dungeon, and saw 8 of its levels.

You collected 214 gold pieces.

Inventory:

Hand Weapons
 a - a +0 long sword (weapon)
 b - a +0 hunting sling
 y - a +0 short sword of venom
Missiles
 o - 240 stones (quivered)
Armour
 c - a +0 shield (worn)
 p - the +4 ring mail of the Alphagorgon (worn) {Int+3 SInv}
   (You found it on level 4 of the Dungeon)

   It affects your intelligence (+3).
   It lets you see invisible.
 v - a +0 helmet (worn)
 w - a +0 cloak (worn)
 D - the +4 plate armour of Royalty {rC+ rCorr Dex-3}
   (You found it on level 6 of the Dungeon)

   It affects your dexterity (-3).
   It protects you from cold.
   It provides partial protection from all sources of acid and corrosion.
 E - a +0 pair of boots (worn)
Wands
 t - a wand of disintegration (2)
 F - a wand of acid (5)
Scrolls
 e - 2 scrolls of enchant weapon {unknown}
 h - a scroll of fear {unknown}
 i - 5 scrolls of identify
 m - 3 scrolls of immolation {unknown}
 n - a scroll of silence {unknown}
 q - a scroll of fog {unknown}
 r - 3 scrolls of blinking {unknown}
 s - 7 scrolls of remove curse {unknown}
 u - a scroll of magic mapping {unknown}
 x - a scroll of random uselessness {unknown}
 A - a scroll of torment {unknown}
Potions
 d - a potion of might
 j - 2 potions of agility
 k - a potion of mutation {unknown}
 l - 2 potions of heal wounds
 z - 3 potions of curing
 B - 2 potions of degeneration {unknown}
 C - a potion of haste {unknown}
Comestibles
 f - 12 rations


   Skills:
 + Level 6.9 Fighting
 - Level 4.6 Long Blades
 * Level 5.9 Armour
 - Level 2.0 Dodging
 - Level 2.2 Stealth
 - Level 3.3 Shields
 - Level 2.1 Invocations


You had 7 spell levels left.
You didn't know any spells.
Your spell library was empty.

Dungeon Overview and Level Annotations

Branches:
Dungeon (7/15)             Temple (1/1) D:5

Altars:
Ashenzari
Cheibriados
Dithmenos
Elyvilon
Fedhas
Gozag
Hepliaklqana
Kikubaaqudgha
Nemelex Xobeh
Okawaru
Qazlal
Ru
Trog
Uskayaw
Vehumet
Wu Jian
Xom
Yredelemnul
Zin
The Shining One

Shops:
D:5 *   D:7 =

Annotations:
D:7 1 runed translucent door, exclusion: door, Crazy Yiuf, Harold


Message History

The orc priest mumbles some strange prayers to Beogh against you.
Beogh smites you!
* * * LOW HITPOINT WARNING * * *
You hit the iguana.
The iguana is moderately wounded.
You block the iguana's attack.
You hit the iguana but do no damage.
The iguana is moderately wounded.
You block the iguana's attack.
You hit the iguana but do no damage.
The iguana is moderately wounded.
The iguana bites you!
* * * LOW HITPOINT WARNING * * *
Unknown command.
You draw a card...
You have drawn the Dance.
The deck of cards glows with a rainbow of weird colours and disappears.
The orc priest barely misses your +0 quarterstaff "Rolumn" {antimagic, Str+3 Int+6}.
The iguana bites you.
You die...
Your body glows slightly and disappears.

#.## . #####
#.#.# ##.#.#
#..l@# #[(###
###o.# #....#
#.#..# #
#.#.###
#.###.#...#
#.....[.#.###
#............


You could see an iguana, an orc priest and a friendly +0 quarterstaff "Rolumn"
{antimagic, Str+3 Int+6}.

Vanquished Creatures
  A sky beast (D:6)
  3 scorpions
  4 killer bees (D:3)
  A howler monkey (D:4)
  3 crimson imps
  A bullfrog zombie (D:5)
  A quasit (D:7)
  5 hounds
  An orc priest (D:5)
  4 orc wizards
  3 worker ants
  2 worker ant zombies
  3 gnolls
  2 river rats (D:3)
  5 adders
  2 shadow imps
  2 worms
  A dart slug (D:4)
  2 leopard geckos (D:2)
  19 orcs
  2 ball pythons (D:3)
  14 giant cockroaches
  6 goblins
  8 hobgoblins
  11 jackals
  2 quokkas
  7 bats
  8 frilled lizards
  7 kobolds
  8 rats
138 creatures vanquished.

Vanquished Creatures (collateral kills)
  A necrophage (D:7)
  An orc (D:3)
2 creatures vanquished.

Grand Total: 140 creatures vanquished

Notes
Turn   | Place    | Note
-------+----------+-------------------------------------------
     0 | D:1      | Sage1700 the Human Fighter began the quest for the Orb.
     0 | D:1      | Reached XP level 1. HP: 18/18 MP: 1/1
   261 | D:1      | Reached XP level 2. HP: 22/24 MP: 2/2
   350 | D:1      | Reached XP level 3. HP: 17/29 MP: 3/3
  1194 | D:2      | Reached XP level 4. HP: 36/36 MP: 4/4
  1976 | D:3      | Found a sparkling altar of Nemelex Xobeh.
  2156 | D:2      | Reached skill level 4 in Fighting
  2403 | D:3      | Became a worshipper of Nemelex Xobeh the Trickster
  2417 | D:3      | Received a gift from Nemelex Xobeh
  2474 | D:3      | Reached XP level 5. HP: 41/42 MP: 5/5
  2496 | D:3      | Reached XP level 6. HP: 41/49 MP: 6/6
  2509 | D:3      | Reached skill level 5 in Fighting
  2765 | D:3      | Found a faded altar of an unknown god.
  3129 | D:3      | Found a bloodstained altar of Trog.
  3129 | D:3      | Found an opulent altar of Gozag.
  3324 | D:4      | Reached XP level 7. HP: 55/56 MP: 7/7
  3428 | D:4      | Reached * piety under Nemelex Xobeh
  3824 | D:4      | Reached skill level 1 in Dodging
  3824 | D:4      | Reached skill level 1 in Stealth
  3824 | D:4      | Reached skill level 1 in Invocations
  3936 | D:4      | Found a snail-covered altar of Cheibriados.
  3987 | D:4      | Got a bloodstained ring mail
  3998 | D:4      | Identified the +4 ring mail of the Alphagorgon {Int+3 SInv}
                  | (You found it on level 4 of the Dungeon)
  4105 | D:5      | Entered Level 5 of the Dungeon
  4477 | D:5      | Reached skill level 6 in Fighting
  4480 | D:5      | Reached XP level 8. HP: 64/64 MP: 9/9
  5086 | D:5      | Reached ** piety under Nemelex Xobeh
  5161 | D:5      | Found a staircase to the Ecumenical Temple.
  5165 | Temple   | Entered the Ecumenical Temple
  5404 | D:5      | Found Macieg's Lightly-Used Armoury.
  5479 | D:6      | Received a gift from Nemelex Xobeh
  6121 | D:6      | Received a gift from Nemelex Xobeh
  6226 | D:6      | Found an iron altar of Okawaru.
  6279 | D:6      | Got a blackened plate armour
  6290 | D:6      | Identified the +4 plate armour of Royalty {rC+ rCorr Dex-3}
                  | (You found it on level 6 of the Dungeon)
  6707 | D:7      | Noticed Harold
  6721 | D:7      | Reached skill level 5 in Armour
  6816 | D:7      | Found a runed translucent door.
  6817 | D:7      | Noticed Crazy Yiuf
  6917 | D:7      | Found Fepna's Jewellery Emporium.
  6989 | D:7      | Found a basalt altar of Yredelemnul.
  7001 | D:7      | HP: 1/65 [iguana (10)]
  7002 | D:7      | Identified the +0 quarterstaff "Rolumn" {antimagic, Str+3
                  | Int+6}
  7002 | D:7      | Slain by an iguana

Levels and vault maps discovered:
D:1:      sevenhm_arrival_forest_fort_small_6, layout_basic,
          kennysheep_pointless_box, minmay_worlds_worst_comb
D:2:      layout_basic
D:3:      layout_rooms, gammafunk_temple_overflow_elements,
          portal_sewer_entry_e, chequers_ecumenical_altar_simple_redux,
          first_ration, nemelex_xobeh_ov_fountains_minmay
D:4:      layout_loops_ring, cheibriados_altar_1
D:5:      layout_cave_pools, minmay_temple_entry_grid, minmay_shop_damaged
D:6:      layout_basic, kennysheep_okawaru_gauntlet
D:7:      layout_rooms, led_sif_pool, serial_shops, shop_fountains, basic_altar,
          uniq_crazy_yiuf_cottage, uniq_harold
Temple:   minmay_temple_bridge_d

Skill      XL: |  1  2  3  4  5  6  7  8 |
---------------+-------------------------+-----
Fighting       | 4 5 6 |  6.9
Long Blades    | 3 4 |  4.6
Armour         | 4 5 |  5.9
Dodging        | 1 2 |  2.0
Stealth        | 1 2 |  2.2
Invocations    | 1 2 |  2.1
Shields        | |  3.3

Action                   |  1- 3 |  4- 6 |  7- 9 || total
-------------------------+-------+-------+-------++-------
Melee: Long sword        |   111 |   205 |   204 ||   520
       Short sword       |       |       |    59 ||    59
 Fire: Hunting sling     |       |    11 |    28 ||    39
 Abil: Draw Destruction  |       |     3 |     1 ||     4
       Draw Summoning    |       |     1 |     4 ||     5
       Draw Escape       |       |       |     3 ||     3
Evoke: Wand              |       |     2 |     3 ||     5
  Use: Scroll            |       |     4 |     1 ||     5
       Potion            |       |     2 |     1 ||     3
 Stab: Sleeping          |       |       |     1 ||     1
  Eat: Chunk             |     1 |     7 |     2 ||    10
       Ration            |       |       |     3 ||     3
Armor: Scale mail        |    50 |    75 |    20 ||   145
       Skin              |       |    48 |       ||    48
       Ring mail         |       |       |   123 ||   123
Dodge: Dodged            |    36 |    67 |   115 ||   218
Block: Shield            |    58 |   132 |   156 ||   346
       Rpst.: Long sword |    11 |    28 |    24 ||    63

Table legend:
 A = Non-vault XP
 B = Vault XP
 C = Vault XP percentage of total XP
 D = Non-vault monster count
 E = Vault monster count
 F = Vault count percentage of total count
                 A         B        C        D         E       F
            +---------+---------+-------+---------+---------+-------
      Total |    1797 |      51 |   2.8 |     125 |      15 |  10.7
            +---------+---------+-------+---------+---------+-------
        D:1 |      29 |      10 |  25.6 |      20 |       5 |  20.0
        D:2 |      77 |       0 |   0.0 |      28 |       0 |   0.0
        D:3 |     332 |      37 |  10.0 |      27 |       8 |  22.9
        D:4 |     360 |       0 |   0.0 |      12 |       0 |   0.0
        D:5 |     306 |       0 |   0.0 |      15 |       0 |   0.0
        D:6 |     245 |       4 |   1.6 |      11 |       2 |  15.4
        D:7 |     448 |       0 |   0.0 |      12 |       0 |   0.0
            +---------+---------+-------+---------+---------+-------
